 Dungeon Crawl Stone Soup version 0.21-a0-125-gb006224 (webtiles) character file.

81645 Gorglomux the Severer (level 15, -22/217 HPs)
             Began as a Hill Orc Skald on July 14, 2017.
             Was a High Priest of Trog.
             Annihilated by an orc warlord
             ... wielding a +2 battleaxe of draining
              (24 damage)
             ... on level 1 of the Orcish Mines on July 15, 2017.
             The game lasted 00:48:46 (20045 turns).

Gorglomux the Severer (Hill Orc Skald)             Turns: 20045, Time: 00:48:47

Health: -22/217    AC: 20    Str: 26    XL:     15   Next: 71%
Magic:  21/21      EV: 10    Int: 13    God:    Trog [*****.]
Gold:   1359       SH:  0    Dex: 10    Spells: 17/17 levels left

rFire    . . .     SeeInvis +   a - +2 battleaxe (flame) {god gift}
rCold    . . .     Gourm    .   (shield currently unavailable)
rNeg     . . .     Faith    .   U - +0 plate armour
rPois    +         Spirit   .   J - +2 helmet
rElec    .         Reflect  .   i - scarf {repulsion}
rCorr    .         Harm     .   K - +0 pair of gloves
MR       +++..                  (no boots)
Stlth    ..........             r - amulet of regeneration
HPRegen  1.86/turn              s - ring of see invisible
MPRegen  0.17/turn              o - ring of poison resistance

@: berserking, regenerating, heavily drained, repel missiles, very quick
A: no striking features
a: Berserk, Trog's Hand, Brothers in Arms, Burn Spellbooks, Renounce Religion,
Convert to Beogh


You were on level 1 of the Orcish Mines.
You worshipped Trog.
Trog was extremely pleased with you.
You were very hungry.

You visited 3 branches of the dungeon, and saw 22 of its levels.
You also visited: Volcano.

You collected 1692 gold pieces.
You spent 333 gold pieces at shops.

Inventory:

Hand Weapons
 a - a +2 battleaxe of flaming (weapon) {god gift}
 b - a +3 battleaxe of electrocution
 q - a +2 executioner's axe of chopping {god gift}
 R - a +4 antimagic battleaxe {god gift}
Missiles
 Z - 5 throwing nets (quivered)
Armour
 i - a scarf of repulsion (worn)
 J - a +2 helmet (worn)
 K - a +0 pair of gloves (worn)
 U - a +0 plate armour (worn)
Jewellery
 g - an uncursed ring of resist corrosion
 o - a ring of poison resistance (right hand)
 r - an amulet of regeneration (around neck)
 s - a ring of see invisible (left hand)
 I - an uncursed amulet of guardian spirit
Wands
 v - a wand of paralysis (11/24)
 C - a wand of confusion (11/48)
 D - a wand of digging (11/24)
 P - a wand of paralysis (9/24)
 Y - a wand of paralysis (6/24)
Scrolls
 j - a scroll of summoning
 l - 2 scrolls of fog
 n - 7 scrolls of remove curse
 p - a scroll of holy word {unknown}
 u - a scroll of immolation {unknown}
 B - 2 scrolls of blinking
 E - 2 scrolls of recharging
 M - 5 scrolls of magic mapping
 T - 11 scrolls of teleportation
Potions
 k - a potion of magic {unknown}
 t - a potion of ambrosia
 w - 4 potions of brilliance
 x - 3 potions of mutation {!q}
 F - a potion of lignification
 G - 2 potions of resistance
 H - a potion of invisibility
 N - 3 potions of might
 O - a potion of haste {unknown}
 Q - 11 potions of curing
 S - 2 potions of agility
 W - 6 potions of heal wounds
 X - 2 potions of flight
Miscellaneous
 V - a phantom mirror
Comestibles
 d - 15 bread rations
 m - 23 fruits
 z - 8 meat rations
 A - 6 royal jellies
 L - 2 chunks of flesh


   Skills:
 + Level 16.3(13.7) Fighting
 + Level 17.8(15.0) Axes
 - Level 13.8(11.3) Armour
 + Level 9.6(7.3) Dodging
 - Level 1.5(0.0) Spellcasting
   Level 2.6(0.8) Charms
 - Level 8.0(5.8) Evocations


You had 17 spell levels left.
You didn't know any spells.

Dungeon Overview and Level Annotations

Branches:
Dungeon (15/15)            Temple (0/1) D:6            Lair (6/6) D:10
  Swamp (0/4) Lair:4       Spider (0/4) Lair:3        Slime (0/5) Lair:6
    Orc (1/2) D:10         Vaults (0/5) D:14
 Depths: D:15

Altars:
Dithmenos
Fedhas
Gozag
Kikubaaqudgha
Nemelex Xobeh
Qazlal
Ru
Trog
Uskayaw
Vehumet
Xom
Yredelemnul
The Shining One
Jiyva

Shops:
D:4 *   D:8 ?

Annotations:
Orc:1 Urug


Message History

The warg barely misses you.
Urug squints and says, "You're the ugliest harpy I ever saw."
Urug hits you but does no damage.
You feel drained.
Unknown command.
You slash the orc warlord! You burn the orc warlord.
The orc warlord is severely wounded.
You hit Urug. You burn Urug. You slice the warg like a ripe choko!!!
You burn the warg!
You kill the warg!
Trog accepts your kill.
The orc priest shouts, "Beogh is our master!
Accept the truth or die!"
You slice the orc!! You burn the orc.
You feel the power of Trog in you as your rage grows.
You kill the orc!
Trog accepts your kill.
Your plate armour prevents you from hitting the orc warrior.
The orc warrior hits you from afar with a trident of pain!
* * * LOW HITPOINT WARNING * * *
The orc warlord hits you with a battleaxe of draining!!
You die...

............#.#######
#..............#
.......$........
#...............
............###
.......#.##.#
....#..)).#.#
......o#o##.#...
.....oo)@.......
..#.#To#oo..#...
##.....oT...#
##$o.ooo...#
....oO.$...#
....o.$.....
........#....
...........#.


You could see an orc warlord, an orc knight, Urug, 2 trolls, 4 orc warriors, an
ogre, 4 orc priests, 2 orc wizards and an orc.

Vanquished Creatures
  Gastronok (Lair:1)
  2 entropy weavers (Lair:6)
  The ghost of hairmachine the Geomancer, a journeyman GnTm of Cheibriados (Lair:3)
  Snorg (D:13)
  A vault guard (D:14)
  Harold (Lair:2)
  Fannar (D:10)
  2 catoblepae
  8 hydras
  7 death yaks
  4 two-headed ogres
  The ghost of Monsterracer the Destroyer, a journeyman DEWz of Vehumet (Lair:1)
  The ghost of p0werm0de the Martial Artist, a novice DsCK of Xom (Lair:1)
  A queen ant (Lair:6)
  Sonja (D:10)
  3 unseen horrors
  A wolf spider zombie (D:13)
  A deep elf mage (D:13)
  6 ugly things
  2 wolf spiders (Lair:6)
  2 manticores
  Maurice (D:9)
  A guardian serpent (Lair:6)
  Psyche (D:11)
  2 centaur skeletons
  2 gargoyles
  11 black mambas
  16 spiny frogs
  4 kobold demonologists
  7 komodo dragons
  An efreet (D:14)
  A jumping spider (Lair:3)
  A harpy skeleton (D:14)
  7 trolls
  34 blink frogs
  3 polar bears
  13 slime creatures
  3 hornets
  8 hippogriffs
  Sigmund (D:3)
  A shadow (D:15)
  4 vampires
  30 yaks
  10 wyverns
  2 redbacks (Lair:6)
  2 wraiths (D:13)
  A basilisk (D:13)
  4 hungry ghosts
  2 vampire mosquitoes (D:12)
  An acid dragon (D:15)
  25 soldier ants
  17 water moccasins
  2 wargs (Orc:1)
  7 porcupines
  3 sky beasts
  3 black bears
  2 phantoms
  12 orc warriors
  7 ogres
  14 ice beasts
  3 eyes of draining
  7 centaurs
  14 wolves
  7 crocodiles
  3 big kobolds
  23 bullfrogs
  2 wyvern skeletons
  8 scorpions
  7 wights (D:12)
  3 howler monkeys
  10 electric eels
  8 crimson imps
  A quasit (D:10)
  A bullfrog zombie (D:11)
  A centaur zombie (D:12)
  2 bullfrog skeletons (D:6)
  2 jellies
  12 orc priests
  4 hounds
  13 orc wizards
  28 worker ants
  A bullfrog simulacrum (D:12)
  2 human simulacra (D:13)
  2 hound skeletons
  Robin (D:2)
  3 worker ant zombies
  4 gnolls (D:6)
  A howler monkey zombie (D:9)
  10 adders
  6 shadow imps
  An adder zombie (D:5)
  An ooze (D:1)
  2 worms
  A dart slug (D:3)
  4 leopard geckos
  61 orcs
  3 ball pythons
  12 goblins
  11 hobgoblins
  8 jackals
  11 quokkas
  3 bats
  3 frilled lizards
  19 kobolds
  2 leopard gecko skeletons (D:4)
  A quokka zombie (D:5)
  10 rats
  2 fungi (Lair:6)
  4 plants
662 creatures vanquished.

Vanquished Creatures (collateral kills)
  A soldier ant (Lair:6)
1 creature vanquished.

Vanquished Creatures (others)
  A centaur warrior (Volcano)
  23 fungi
  32 plants
56 creatures vanquished.

Grand Total: 719 creatures vanquished

Notes
Turn   | Place    | Note
-------+----------+-------------------------------------------
     0 | D:1      | Gorglomux the Hill Orc Skald began the quest for the Orb.
     0 | D:1      | Reached XP level 1. HP: 18/18 MP: 3/3
    96 | D:1      | Reached skill level 3 in Axes
   209 | D:1      | Reached XP level 2. HP: 9/25 MP: 0/4
   433 | D:1      | Reached skill level 3 in Fighting
   697 | D:1      | Reached XP level 3. HP: 27/31 MP: 5/5
   931 | D:2      | Reached skill level 4 in Axes
  1126 | D:2      | Reached XP level 4. HP: 29/40 MP: 6/6
  1250 | D:2      | Noticed Robin
  1260 | D:2      | Killed Robin
  1914 | D:3      | Reached skill level 5 in Axes
  1958 | D:3      | Noticed Sigmund
  1986 | D:3      | Killed Sigmund
  1986 | D:3      | Reached skill level 6 in Axes
  1986 | D:3      | Reached XP level 5. HP: 28/49 MP: 3/7
  1986 | D:3      | Reached XP level 6. HP: 32/56 MP: 3/8
  2371 | D:4      | Found a shadowy altar of Dithmenos.
  2524 | D:4      | Found Idghourch's Assorted Antiques.
  2532 | D:4      | Bought a scroll labeled CYNUTE RELA for 29 gold pieces
  2532 | D:4      | Bought a golden potion for 26 gold pieces
  2532 | D:4      | Bought a scroll labeled UNAWNO MUVA for 29 gold pieces
  2532 | D:4      | Bought a scroll of teleportation for 87 gold pieces
  2550 | D:4      | Got a crystal falchion
  2551 | D:4      | Identified the +5 falchion of Terra Cotta {pain, rPois Int+4 Dex-2} (You found it on level 4 of the Dungeon)
  2589 | D:4      | Found a bloodstained altar of Trog.
  2589 | D:4      | Found an opulent altar of Gozag.
  2594 | D:4      | Found a sparkling altar of Nemelex Xobeh.
  2604 | D:4      | Became a worshipper of Trog the Wrathful
  2692 | D:4      | Reached skill level 6 in Fighting
  2869 | D:5      | Entered Level 5 of the Dungeon
  2878 | D:5      | Reached XP level 7. HP: 45/63 MP: 6/9
  3105 | D:5      | Reached skill level 3 in Armour
  3568 | D:5      | Found a radiant altar of Vehumet.
  3829 | D:5      | Found a blossoming altar of Fedhas.
  4106 | D:6      | Noticed a hungry ghost
  4148 | D:6      | Paralysed by fainting for 5 turns
  4160 | D:6      | Paralysed by fainting for 8 turns
  4177 | D:6      | Paralysed by fainting for 11 turns
  4193 | D:6      | Killed a hungry ghost
  4325 | D:6      | Reached XP level 8. HP: 63/74 MP: 10/10
  4329 | D:6      | Found a staircase to the Ecumenical Temple.
  4558 | D:6      | Reached * piety under Trog
  4637 | D:6      | Reached skill level 7 in Axes
  4660 | D:6      | Reached skill level 6 in Armour
  5360 | D:7      | Found a blossoming altar of Fedhas.
  5364 | D:7      | Found a shimmering altar of Xom.
  5417 | D:7      | Found a sacrificial altar of Ru.
  5469 | D:7      | Noticed a hippogriff
  5483 | D:7      | Killed a hippogriff
  5483 | D:7      | Reached skill level 8 in Axes
  5556 | D:7      | Reached XP level 9. HP: 34/81 MP: 11/11
  5903 | D:7      | Reached skill level 9 in Axes
  6239 | D:7      | Reached ** piety under Trog
  6261 | D:7      | Found an ancient bone altar of Kikubaaqudgha.
  6303 | D:8      | Found Qaotel's Magic Scroll Shop.
  6338 | D:8      | Bought a scroll of noise for 12 gold pieces
  6338 | D:8      | Bought a scroll of recharging for 114 gold pieces
  6338 | D:8      | Bought a scroll of teleportation for 36 gold pieces
  6390 | D:8      | Noticed Psyche
  6405 | D:8      | Reached skill level 10 in Axes
  6648 | D:8      | Found a bloodstained altar of Trog.
  6691 | D:8      | Found a stormy altar of Qazlal.
  6746 | D:8      | Found a glowing golden altar of the Shining One.
  6790 | D:9      | Reached skill level 9 in Armour
  6909 | D:9      | Reached skill level 11 in Axes
  6916 | D:9      | Reached XP level 10. HP: 50/88 MP: 12/12
  7189 | D:9      | Noticed Maurice
  7199 | D:9      | Paralysed by Maurice for 3 turns
  7230 | D:9      | Killed Maurice
  7410 | D:9      | Reached skill level 12 in Axes
  7571 | D:9      | Found a hide-covered altar of Uskayaw.
  7664 | D:9      | Reached *** piety under Trog
  7858 | D:10     | Entered Level 10 of the Dungeon
  7863 | D:10     | Noticed an unseen horror
  7876 | D:10     | Killed an unseen horror
  8269 | D:10     | Found a staircase to the Lair.
  8337 | D:10     | Reached skill level 13 in Axes
  8448 | D:10     | Found a staircase to the Orcish Mines.
  8465 | D:10     | Noticed Fannar
  8477 | D:10     | Noticed Sonja
  8502 | D:10     | Killed Fannar
  8502 | D:10     | Reached XP level 11. HP: 94/94 MP: 13/13
  8512 | D:10     | Killed Sonja
  8512 | D:10     | Reached skill level 12 in Armour
  8635 | D:10     | Found Aqa Seni's Assorted Antiques.
  8727 | D:10     | Reached skill level 14 in Axes
  8994 | D:10     | Reached **** piety under Trog
  9382 | D:11     | Noticed a two-headed ogre
  9389 | D:11     | Reached skill level 9 in Fighting
  9394 | D:11     | Killed a two-headed ogre
  9623 | D:11     | Killed Psyche
  9734 | D:11     | Noticed a six-headed hydra
  9750 | D:11     | Killed a one-headed hydra
  9774 | D:11     | Reached skill level 15 in Axes
  9884 | D:11     | Noticed a manticore
  9903 | D:11     | Killed a manticore
  9903 | D:11     | Reached XP level 12. HP: 90/106 MP: 14/14
  9936 | D:11     | Found a basalt altar of Yredelemnul.
 10004 | Lair:1   | Entered Level 1 of the Lair of Beasts
 10147 | Lair:1   | Reached ***** piety under Trog
 10266 | Lair:1   | Noticed p0werm0de's ghost (novice DsCK)
 10268 | Lair:1   | Found a dark tunnel.
 10310 | Volcano  | Entered a volcano
 10328 | Volcano  | Noticed a centaur warrior
 10378 | Volcano  | Killed a centaur warrior
 10523 | Lair:1   | Killed p0werm0de's ghost
 10537 | Lair:1   | Noticed Monsterracer's ghost (journeyman DEWz)
 10560 | Lair:1   | Noticed Gastronok
 10589 | Lair:1   | Killed Monsterracer's ghost
 10598 | Lair:1   | Killed Gastronok
 11444 | Lair:2   | Noticed a five-headed hydra
 11453 | Lair:2   | Killed a one-headed hydra
 11453 | Lair:2   | Reached skill level 16 in Axes
 11651 | Lair:1   | Reached skill level 1 in Evocations
 11958 | Lair:2   | Noticed Harold
 11971 | Lair:2   | Killed Harold
 12638 | Lair:2   | Reached skill level 3 in Evocations
 12798 | Lair:3   | Reached skill level 12 in Fighting
 12798 | Lair:3   | Reached XP level 13. HP: 96/118 MP: 15/15
 12802 | Lair:3   | Reached skill level 3 in Dodging
 12952 | Lair:3   | Found a hole to the Spider Nest.
 12997 | Lair:3   | Received a gift from Trog
 13129 | Lair:3   | Noticed hairmachine's ghost (journeyman GnTm)
 13160 | Lair:3   | Killed hairmachine's ghost
 14138 | Lair:4   | Found a staircase to the Swamp.
 14743 | Lair:5   | Reached skill level 6 in Evocations
 15476 | Lair:6   | Entered Level 6 of the Lair of Beasts
 15539 | Lair:6   | Reached skill level 6 in Dodging
 15624 | Lair:6   | Noticed an entropy weaver
 15626 | Lair:6   | Noticed an entropy weaver
 15633 | Lair:6   | Reached XP level 14. HP: 83/129 MP: 19/19
 15638 | Lair:6   | Killed an entropy weaver
 15689 | Lair:6   | Killed an entropy weaver
 15689 | Lair:6   | Received a gift from Trog
 15899 | Lair:6   | Paralysed by a hornet for 2 turns
 15904 | Lair:6   | Paralysed by a hornet for 3 turns
 16610 | Lair:6   | Received a gift from Trog
 16791 | Lair:6   | Reached skill level 15 in Fighting
 17037 | Lair:6   | Found a staircase to the Slime Pits.
 17060 | Lair:6   | Reached XP level 15. HP: 126/141 MP: 21/21
 17080 | Lair:6   | Found a viscous altar of Jiyva.
 17621 | D:12     | Received a gift from Trog
 17902 | D:12     | Reached skill level 17 in Axes
 18458 | D:13     | Reached skill level 9 in Dodging
 18477 | D:13     | Got a fine scarf
 18494 | D:13     | Identified the cursed scarf "Capriott" {rF+ MR- Int+2 Dex+4} (You found it on level 13 of the Dungeon)
 18689 | D:13     | Noticed Snorg
 18703 | D:13     | Killed Snorg
 19353 | D:14     | Received a gift from Trog
 19715 | D:14     | Found a gate to the Vaults.
 19766 | D:15     | Entered Level 15 of the Dungeon
 19943 | Orc:1    | Entered Level 1 of the Orcish Mines
 20027 | Orc:1    | Noticed an orc warlord
 20031 | Orc:1    | Noticed Urug
 20045 | Orc:1    | HP: 2/217 [orc warrior/trident of pain[an orc warlord] (11)]
 20045 | Orc:1    | Annihilated by an orc warlord

Vault maps used:
D:1:      dpeg_arrival_radiant
D:2:      uniq_robin
D:3:      first_bread, serial_glass, glass_columns_c, glass_columns_b,
          uniq_sigmund
D:4:      nicolae_dithmenos_shadow_blocks, gammafunk_temple_overflow_claw,
          serial_shops, shop
D:5:      lemuel_coloured_pillars_altar, fedhas_altar_fruit_tree
D:6:      minmay_temple_entry_grid, enter_ossuary_5
D:7:      kennysheep_little_box, lemuel_doored_altar,
          grunt_temple_overflow_open, grunt_ogre_cave
D:8:      grunt_qazlal_sundering, kennysheep_mini_moat, basic_altar,
          serial_shops, shop_scrolls, uniq_psyche
D:9:      eat_drink_and_be_merry_uskayaw, uniq_maurice
D:10:     minmay_twisted_water, lair_entry_dummy, david_orc_4, serial_shops,
          shop, uniq_fannar, uniq_sonja
D:11:     yredelemnul_altar_generic
D:12:     minmay_radiant
D:13:     bh_circular_ruins, uniq_snorg
D:14:     david_vaults_5, minmay_misc_feat_room
D:15:     hangedman_slaughterboxes
Lair:1:   nicolae_volcano_entry_two_sided, infiniplex_staircase_pool_2,
          serial_bayou_shore_b, uniq_gastronok
Lair:2:   lemuel_old_faithful, uniq_harold
Lair:3:   spider_nest_entry_a
Lair:4:   minmay_swamp_entry_eels, hangedman_lair_generics_rect
Lair:5:   infiniplex_staircase_pool
Lair:6:   hangedman_lair_tendril_chambers, slime_altar_1, minivault_11,
          minivault_26, minivault_27, zaba_anthell
Orc:1:    mines1_david, uniq_urug
Volcano:  kennysheep_volcano_temple

Skill      XL: |  1  2  3  4  5  6  7  8  9 10 11 12 13 14 15 |
---------------+----------------------------------------------+-----
Axes           | 3 4 6 8 11 13 15 16 17 | 17.8
Fighting       | 3 5 6 7 8 9 12 13 15 16 | 16.3
Armour         | 2 4 7 9 11 13 | 13.8
Evocations     | 3 7 8 |  8.0
Dodging        | 2 6 8 9 |  9.6
Spellcasting   | |  1.5
Charms         | |  2.6

Action                   |  1- 3 |  4- 6 |  7- 9 | 10-12 | 13-15 || total
-------------------------+-------+-------+-------+-------+-------++-------
Melee: Hand axe          |   103 |    94 |   184 |   207 |    76 ||   664
       Dagger            |       |    47 |   402 |   267 |       ||   716
       Falchion          |       |     8 |       |       |       ||     8
       War axe           |       |       |       |   342 |       ||   342
       Battleaxe         |       |       |       |    35 |   901 ||   936
       Executioner's axe |       |       |       |       |     4 ||     4
Throw: Throwing net      |       |       |     1 |       |       ||     1
 Cast: Infusion          |     5 |       |       |       |       ||     5
Invok: Burn Spellbooks   |       |       |     2 |     1 |     4 ||     7
       Berserk           |       |       |     5 |    19 |    15 ||    39
       Trog's Hand       |       |       |     1 |    10 |     9 ||    20
       Brothers in Arms  |       |       |       |       |     1 ||     1
Evoke: Wand              |       |       |       |     6 |     7 ||    13
  Use: Scroll            |       |     4 |     9 |    17 |     7 ||    37
       Potion            |       |     1 |       |       |       ||     1
 Stab: Paralysed         |       |       |       |     9 |     6 ||    15
       Petrified         |       |       |       |       |    14 ||    14
       Petrifying        |       |       |       |       |     2 ||     2
  Eat: Chunk             |     1 |     6 |    23 |    34 |    38 ||   102
       Royal jelly       |       |       |     2 |     2 |       ||     4
       Meat ration       |       |       |     1 |     1 |     1 ||     3
Armor: Leather armour    |    27 |       |       |       |       ||    27
       Scale mail        |    14 |    63 |    18 |       |       ||    95
       Plate armour      |       |       |   387 |   589 |   790 ||  1766
Dodge: Dodged            |    59 |    83 |   167 |   305 |   496 ||  1110
       Deflected         |       |       |       |       |     1 ||     1
       Rpst.: Falchion   |       |     2 |       |       |       ||     2
